 Dungeon Crawl Stone Soup version 0.20-a0-1086-g4bd2f5b (console) character file.

24 zxpr0jk the Firebug (level 2, -16/20 HPs)
             Began as a Draconian Fire Elementalist on May 2, 2017.
             Engulfed by a cloud of flame (28 damage)
             ... on level 2 of the Dungeon.
             The game lasted 00:04:40 (775 turns).

zxpr0jk the Firebug (Draconian Fire Elementalist)    Turns: 775, Time: 00:04:41

Health: -16/20     AC:  4    Str: 10    XL:     2   Next: 79%
Magic:  1/5        EV: 12    Int: 15    God:
Gold:   59         SH:  0    Dex: 11    Spells: 4/5 levels left

rFire    . . .     SeeInvis .   o - -3 hunting sling (curse)
rCold    . . .     Gourm    .   (no shield)
rNeg     . . .     Faith    .   (armour unavailable)
rPois    .         Spirit   .   (helmet restricted)
rElec    .         Reflect  .   (no cloak)
rCorr    +         Harm     .   (no gloves)
MR       .....                  (no boots)
Stlth    ++........             (no amulet)
Regen    0.1/turn               f - ring of resist corrosion
MPRegen  0.1/turn               (no ring)

@: very slightly contaminated
A: unfitting armour, cold-blooded, AC +4
a: no special abilities


You were on level 2 of the Dungeon.
You were not hungry.

You visited 1 branch of the dungeon, and saw 2 of its levels.

You collected 59 gold pieces.

Inventory:

Hand Weapons
 o - a cursed -3 hunting sling (weapon)
 q - a +0 short sword
Missiles
 p - 3 stones (quivered)
 r - 2 throwing nets
Jewellery
 f - a ring of resist corrosion (left hand)
Scrolls
 j - 2 scrolls of teleportation {unknown}
 k - a scroll of immolation {unknown}
 l - 2 scrolls of remove curse {unknown}
 m - a scroll of fear {unknown}
 n - a scroll of noise {unknown}
Potions
 c - a potion of brilliance {unknown}
 d - a potion of ambrosia {unknown}
 e - a potion of curing {unknown}
 g - 2 potions of cancellation {unknown}
 h - a potion of haste {unknown}
 i - a potion of agility {unknown}
Books
 a - a book of Flames

   Spells                             Type                      Level
   a - Flame Tongue                   Conjuration/Fire             1
   b - Throw Flame                    Conjuration/Fire             2
   c - Conjure Flame                  Conjuration/Fire             3
   d - Inner Flame                    Hexes/Fire                   3
   e - Sticky Flame                   Conjuration/Fire             4
   f - Fireball                       Conjuration/Fire             5
Comestibles
 b - a bread ration


   Skills:
 - Level 1.9 Dodging
 - Level 2.0 Stealth
 + Level 2.4 Spellcasting
 - Level 1.1 Conjurations
 + Level 3.4 Fire Magic


You had 4 spell levels left.
You knew the following spells:

 Your Spells              Type           Power        Failure   Level  Hunger
a - Flame Tongue          Conj/Fire      #....        9%          1    #......


Dungeon Overview and Level Annotations

Branches:
Dungeon (2/15)

Altars:
Vehumet


Innate Abilities, Weirdness & Mutations

Your plain brown scales are hard. (AC +4)
You cannot fit into any form of body armour.
You are cold-blooded and may be slowed by cold attacks.


Message History

You don't have enough magic to cast that spell.
Unknown command.
Casting: Flame Tongue
Confirm with . or Enter, or press ? or * to list all spells.
You don't have enough magic to cast that spell.
Unknown command.
Firing (i - inventory. (,) - cycle):
p - 6 stones (quivered)
Press: ? - help, Shift-Dir - straight line, f/p - goblin
Aim: a goblin, wielding a club (severely wounded)
You shoot a stone. The stone closely misses the goblin.
The goblin barely misses you.
Firing (i - inventory. (,) - cycle):
p - 5 stones (quivered)
Press: ? - help, Shift-Dir - straight line, f/p - goblin
Aim: a goblin, wielding a club (severely wounded)
You shoot a stone. The stone barely misses the goblin.
The goblin misses you.
Firing (i - inventory. (,) - cycle):
p - 4 stones (quivered)
Press: ? - help, Shift-Dir - straight line, f/p - goblin
Aim: a goblin, wielding a club (severely wounded)
You shoot a stone. The stone closely misses the goblin.
You are engulfed in blazing flames.
Ouch! That really hurt!
You die...

########### #<........#
#########.# #.# #.#
################# #.#
.....§..........#######.########
....§§§.........................
#(.._g@#######.#######.########
#..§.§.................#
#..§..)#######.#########
#(#............###### #
#.#######.†.......# #.
###.........# . #...........# ##
#...........# #...........#
###.........# ####'###### #.#
#.# #.# #.# #.# #.# ... #....
#....# #....#


You could see a goblin.

Vanquished Creatures
  A leopard gecko (D:1)
  3 goblins
  3 hobgoblins (D:1)
  4 jackals (D:1)
  4 bats
  2 frilled lizards (D:1)
  2 kobolds
  3 rats (D:1)
22 creatures vanquished.

Notes
Turn   | Place    | Note
-------+----------+-------------------------------------------
     0 | D:1      | zxpr0jk the Draconian Fire Elementalist began the quest for the Orb.
     0 | D:1      | Reached XP level 1. HP: 14/14 MP: 3/3
   133 | D:1      | Reached XP level 2. HP: 11/20 MP: 1/5
   758 | D:2      | Found a radiant altar of Vehumet.
   775 | D:2      | Engulfed by a cloud of flame

Vault maps used:
D:1:      saegor_arrival_simple_a
D:2:      fiery_altar_vehumet, uniq_natasha

Skill      XL: |  1 |
---------------+----+-----
Stealth        | 2 |  2.0
Dodging        | |  1.9
Spellcasting   | |  2.4
Conjurations   | |  1.1
Fire Magic     | |  3.4

Action                   || total
-------------------------++-------
Melee: Unarmed           ||    42
       Tailslap          ||     5
 Fire: Hunting sling     ||    17
 Cast: Flame Tongue      ||    30
Armor: Skin              ||    21
Dodge: Dodged            ||    35
